 Dungeon Crawl Stone Soup version 0.25-a0-474-ga8a2ee3 (webtiles) character file.

Game seed: 8453241775759421488, levelgen mode: deterministic

598 relicbr the Zephyrmancer (level 7, 0/36 HPs)
             Began as a Tengu Air Elementalist on Feb 7, 2020.
             Was an Initiate of Sif Muna.
             Slain by an orc
             ... wielding a +2 vorpal falchion
              (2 damage)
             ... on level 5 of the Dungeon.
             The game lasted 00:11:51 (4771 turns).

relicbr the Zephyrmancer (Tengu Air Elementalist)   Turns: 4771, Time: 00:11:52

Health: 0/36       AC:  3    Str:  8    XL:     7   Next: 40%
Magic:  0/12       EV: 14    Int: 17    God:    Sif Muna [......]
Gold:   232        SH:  0    Dex: 17    Spells: 6/11 levels left

rFire    . . .     SeeInvis +   b - +10 long sword "Wintiu" {venom, Fragile rC++ rN+ Dex+2 SInv}
rCold    + + .     Gourm    .   (no shield)
rNeg     + . .     Faith    .   n - +0 leather armour
rPois    .         Spirit   .   (helmet restricted)
rElec    .         Reflect  .   (no cloak)
rCorr    .         Harm     .   (no gloves)
MR       .....                  (boots unavailable)
Stlth    ++........             (no amulet)
HPRegen  0.12/turn              (no ring)
MPRegen  0.13/turn              (no ring)

@: flying quickly and evasively, very slightly contaminated, quick
A: beak, talons 3, able to fly
a: Stop Flying, Renounce Religion


You were on level 5 of the Dungeon.
You worshipped Sif Muna.
Sif Muna was noncommittal.
You were not hungry.

You visited 2 branches of the dungeon, and saw 6 of its levels.

You collected 232 gold pieces.

Inventory:

Hand Weapons
 a - a +1 short sword of protection
 b - the +10 long sword "Wintiu" (weapon) {venom, Fragile rC++ rN+ Dex+2 SInv}
   (You found it on level 5 of the Dungeon)

   It poisons the flesh of those it strikes.
   It affects your dexterity (+2).
   It greatly protects you from cold.
   It protects you from negative energy.
   It lets you see invisible.
   It will be destroyed if unequipped.
Missiles
 h - 12 poisoned darts (quivered)
Armour
 n - a +0 leather armour (worn)
Jewellery
 t - a cursed ring of attention {unknown}
Scrolls
 e - a scroll of blinking
 f - 2 scrolls of remove curse
 j - 2 scrolls of enchant weapon {unknown}
 l - a scroll of magic mapping {unknown}
 p - 3 scrolls of identify
 q - 2 scrolls of teleportation {unknown}
 v - a scroll of immolation {unknown}
Potions
 d - a potion of lignification {unknown}
 g - 3 potions of mutation
 i - a potion of curing {unknown}
 k - 2 potions of berserk rage
 m - a potion of might {unknown}
 o - 2 potions of agility {unknown}
 r - 2 potions of cancellation {unknown}
 u - a potion of flight {unknown}
Comestibles
 c - 6 rations


   Skills:
 + Level 0.4 Long Blades
 - Level 2.1 Dodging
 - Level 2.0 Stealth
 * Level 2.8 Spellcasting
 * Level 2.7 Conjurations
 - Level 10.1 Air Magic


You had 6 spell levels left.
You knew the following spells:

 Your Spells              Type           Power        Failure   Level  Hunger
a - Shock                 Conj/Air       ###.         1%          1    #......
b - Airstrike             Air            #####.....   4%          4    #####..

Your spell library contained the following spells:

 Spells                   Type           Power        Failure   Level  Hunger
 Swiftness                Chrm/Air       ###.....     4%          2    ##.....
 Static Discharge         Conj/Air       ###.....     5%          3    ###....
 Magic Dart               Conj           ##..         9%          1    #......
 Searing Ray              Conj           ##....       13%         2    ##.....
 Summon Small Mammal      Summ           #...         26%         1    #......
 Summon Lightning Spire   Summ/Air       ###.....     32%         4    #####..
 Call Imp                 Summ           #.......     36%         2    ##.....
 Dazzling Flash           Conj/Hex       #.....       41%         3    ###....
 Lightning Bolt           Conj/Air       ###.......   45%         5    ######.
 Call Canine Familiar     Summ           #.......     61%         3    ###....
 Summon Guardian Golem    Hex/Summ       #.......     61%         3    ###....
 Fulminant Prism          Conj/Hex       #.........   83%         4    #####..
 Iskenderun's Mystic Bla  Conj/Tloc      #.......     83%         4    #####..
 Summon Ice Beast         Ice/Summ       #.......     95%         4    #####..


Dungeon Overview and Level Annotations

Branches:
Dungeon (5/15)             Temple (1/1) D:4

Altars:
Ashenzari
Cheibriados
Dithmenos
Elyvilon
Fedhas
Gozag
Hepliaklqana
Kikubaaqudgha
Makhleb
Nemelex Xobeh
Qazlal
Ru
Sif Muna
Trog
Uskayaw
Vehumet
Wu Jian
Xom
Yredelemnul
Zin
The Shining One


Innate Abilities, Weirdness & Mutations

You have a beak for a mouth.
You have claws for feet.
You can fly continuously.


Message History

The magic dart hits you.
* * * LOW HITPOINT WARNING * * *
You aren't carrying any items that you can evoke.
The orc wizard casts a spell.
The orc wizard seems to speed up.
You feel yourself speed up.
The orc wizard mumbles some strange words.
The orc wizard blinks!
You hit the orc wizard.
You kill the orc wizard!
Sif Muna accepts your kill.
An orc priest comes into view. It is wielding a +0 dagger.
The orc hits you with a +2 vorpal falchion.
* * * LOW HITPOINT WARNING * * *
x2 The orc wizard completely misses you.
You riposte.
You slash the orc wizard!
You kill the orc wizard!
Sif Muna accepts your kill.
The orc hits you with a +2 vorpal falchion.
* * * LOW HITPOINT WARNING * * *
You die...

#######.........#
#.....#...#.....#
#..).....###....#...
#<.......##..........
##.#.....#.#..#.......
###.......#..#.........
##................(..
####.)..............
##.@.............
##o....o.##.....
#...........>#
##...........##
##.).........#
###..........
#...........
#...........
##..##......


You could see an orc priest and an orc.

Vanquished Creatures
  An ogre (D:4)
  A sky beast (D:5)
  A howler monkey (D:4)
  A hound (D:4)
  A bullfrog skeleton (D:4)
  2 orc wizards (D:5)
  Terence (D:3)
  Natasha (thrice) (D:2)
  A worker ant (D:4)
  4 gnolls (D:3)
  2 adders
  An ooze (D:3)
  A worm (D:2)
  A dart slug (D:1)
  5 leopard geckos
  9 orcs
  A giant cockroach (D:4)
  4 hobgoblins
  8 jackals (D:1)
  2 quokkas (D:3)
  2 ball pythons
  6 bats
  2 frilled lizards
  4 goblins
  A jackal skeleton (D:4)
  9 kobolds
  12 rats
86 creatures vanquished.

Notes
Turn   | Place    | Note
-------+----------+-------------------------------------------
     0 | D:1      | relicbr the Tengu Air Elementalist began the quest for the
                  | Orb.
     0 | D:1      | Reached XP level 1. HP: 10/10 MP: 4/4
    82 | D:1      | Reached XP level 2. HP: 11/15 MP: 0/6
   275 | D:1      | Reached skill level 5 in Air Magic
   593 | D:1      | Reached XP level 3. HP: 19/19 MP: 4/7
  1246 | D:2      | Noticed Natasha
  1258 | D:2      | Killed Natasha
  1258 | D:2      | Reached skill level 6 in Air Magic
  1382 | D:2      | Reached XP level 4. HP: 24/24 MP: 4/8
  1388 | D:2      | Learned a level 4 spell: Airstrike
  1502 | D:2      | Noticed Natasha
  1507 | D:2      | Killed Natasha
  1674 | D:2      | Reached skill level 7 in Air Magic
  1785 | D:2      | Noticed Natasha
  1788 | D:2      | Killed Natasha
  1788 | D:2      | Gained mutation: You can fly continuously. [Tengu growth]
  1788 | D:2      | Reached XP level 5. HP: 28/28 MP: 0/9
  2016 | D:3      | Reached skill level 8 in Air Magic
  2426 | D:3      | Noticed Terence
  2459 | D:3      | Killed Terence
  2565 | D:3      | Found a faded altar of an unknown god.
  2992 | D:3      | Reached XP level 6. HP: 32/32 MP: 10/10
  3067 | D:3      | Found a sacrificial altar of Ru.
  3067 | D:3      | Found a shadowy altar of Dithmenos.
  3074 | D:3      | Found a radiant altar of Vehumet.
  3253 | D:4      | Found a staircase to the Ecumenical Temple.
  3285 | Temple   | Entered the Ecumenical Temple
  3292 | Temple   | Became a worshipper of Sif Muna the Loreminder
  3310 | D:4      | Reached skill level 9 in Air Magic
  3496 | D:4      | Got a slimy war axe
  3572 | D:4      | Identified the +5 war axe "Ponty" {vamp, Str-2 Dex+7} (You
                  | found it on level 4 of the Dungeon)
  4197 | D:4      | Reached skill level 10 in Air Magic
  4197 | D:4      | Reached XP level 7. HP: 36/36 MP: 1/11
  4642 | D:5      | Entered Level 5 of the Dungeon
  4670 | D:5      | Got a shimmering long sword
  4681 | D:5      | Identified the +10 long sword "Wintiu" {venom, Fragile rC++
                  | rN+ Dex+2 SInv} (You found it on level 5 of the Dungeon)
  4771 | D:5      | Slain by an orc

Levels and vault maps discovered:
D:1:      lordsloth_arrival_two_stooges, layout_rooms, minivault_24,
          kennysheep_flooded_box, minmay_misc_feat_room, minmay_tripent
D:2:      layout_rooms, uniq_natasha
D:3:      layout_basic, gammafunk_temple_overflow_claw,
          chequers_ecumenical_altar_simple, uniq_terence
D:4:      layout_loops_corners, minmay_temple_entry_wispy, first_ration
D:5:      layout_cave_pools, kennysheep_mini_moat, uniq_eustachio, uniq_grinder,
          uniq_pikel
Temple:   nicolae_temple_no_exploring_needed

Skill      XL: |  1  2  3  4  5  6  7 |
---------------+----------------------+-----
Air Magic      | 5 6 7 8 10 | 10.1
Conjurations   | 2 |  2.7
Long Blades    | |  0.4
Dodging        | |  2.1
Stealth        | |  2.0
Spellcasting   | |  2.8

Action                   |  1- 3 |  4- 6 |  7- 9 || total
-------------------------+-------+-------+-------++-------
Melee: Unarmed           |     9 |       |       ||     9
       Kick              |    10 |    15 |       ||    25
       Peck              |     5 |     9 |       ||    14
       Spear             |    24 |       |       ||    24
       Dagger            |    10 |       |       ||    10
       Short sword       |    17 |    48 |       ||    65
       War axe           |       |    14 |       ||    14
       Long sword        |       |       |     2 ||     2
Throw: Dart              |     7 |       |       ||     7
 Cast: Shock             |    38 |    52 |     4 ||    94
       Airstrike         |       |    11 |     3 ||    14
 Abil: Fly               |       |     1 |       ||     1
  Use: Scroll            |       |     4 |       ||     4
 Stab: Sleeping          |     3 |     3 |       ||     6
  Eat: Chunk             |     2 |    12 |       ||    14
       Ration            |       |       |     1 ||     1
Armor: Leather armour    |    15 |    16 |       ||    31
Dodge: Dodged            |    49 |    57 |     2 ||   108
       Rpst.: Long sword |       |       |     2 ||     2

Table legend:
 A = Non-vault XP
 B = Vault XP
 C = Vault XP percentage of total XP
 D = Non-vault monster count
 E = Vault monster count
 F = Vault count percentage of total count
                 A         B        C        D         E       F
            +---------+---------+-------+---------+---------+-------
      Total |     784 |      71 |   8.3 |      82 |       4 |   4.7
            +---------+---------+-------+---------+---------+-------
        D:1 |      35 |       2 |   5.4 |      24 |       2 |   7.7
        D:2 |     107 |      33 |  23.6 |      17 |       1 |   5.6
        D:3 |     120 |      36 |  23.1 |      29 |       1 |   3.3
        D:4 |     315 |       0 |   0.0 |       8 |       0 |   0.0
        D:5 |     207 |       0 |   0.0 |       4 |       0 |   0.0
            +---------+---------+-------+---------+---------+-------
